| 
	| TOP OF THE 1ST | 
|---|
 
		| Milwaukee (NYP) Brewers batting - Pitching for Auburn Doubledays : RHP Michael Bastian |  
		| Pitching: RHP Michael Bastian |  |  
		| Batting: RHB Tristan Smeets | 0-0: Called Strike 0-1: Ball
 1-1: Ball
 2-1: Foul Ball, location: 2F
 2-2: Strikes out looking
 |  
		| Batting: LHB Dusty Bryant | 0-0: Ground out 4-3 (Groundball, 34D, EV 83.1 MPH) |  
		| Batting: RHB Ryan Miller | 0-0: Ball 1-0:  Fly out, F9  (Flyball, 89S, EV 83.8 MPH)
 |  
		| Top of the 1st over - 0 runs, 0 hits, 0 errors, 0 left on base; Milwaukee (NYP) 0 - Auburn 0 |  
	| BOTTOM OF THE 1ST | 
|---|
 
		| Auburn Doubledays batting - Pitching for Milwaukee (NYP) Brewers : RHP Jayden Whittick |  
		| Pitching: RHP Jayden Whittick |  |  
		| Batting: RHB Charlie Iacovone | 0-0: Ball 1-0: Called Strike
 1-1: Ball
 2-1: Ball
 3-1: Base on Balls
 |  
		| Batting: RHB Yok-sing Szema | 0-0: Called Strike Charlie Iacovone is caught stealing 2nd base 2-4
 0-1: Ball
 1-1: Swinging Strike
 1-2: Ball
 2-2: Foul Ball, location: 2F
 2-2: Ball
 3-2: Base on Balls
 |  
		| Batting: RHB Rudolph Lentz | 0-0: Ball Yok-sing Szema is caught stealing 2nd base 2-4
 1-0: Ball
 2-0: Ground out 6-3 (Groundball, 6, EV 79.4 MPH)
 |  
		| Bottom of the 1st over - 0 runs, 0 hits, 0 errors, 0 left on base; Milwaukee (NYP) 0 - Auburn 0 |  
	| TOP OF THE 2ND | 
|---|
 
		| Milwaukee (NYP) Brewers batting - Pitching for Auburn Doubledays : RHP Michael Bastian |  
		| Batting: RHB Alfredo Sena | 0-0: Called Strike 0-1: Ball
 1-1: Foul Ball, location: 2F
 1-2: SINGLE  (Groundball, 34D, EV 95.0 MPH)
 |  
		| Batting: RHB Tony Beaumond | 0-0: Ball 1-0: Swinging Strike
 1-1: Swinging Strike
 1-2: Ball
 2-2: Foul Ball, location: 2F
 2-2: Ball
 3-2: Base on Balls
 Alfredo Sena to second
 |  
		| Batting: LHB Steven Donovan | 0-0: Called Strike 0-1: Swinging Strike
 0-2:  3-RUN HOME RUN  (Flyball, 89XD, EV 103.8 MPH), Distance : 419 ft
 |  
		| Batting: RHB Lorenzo Diaz | 0-0: Ball 1-0: Ball
 2-0: Ball
 3-0: Base on Balls
 |  
		| Batting: RHB Michael Dickerson | 0-0: Ball 1-0: Fielders Choice at 2nd, 5-4 (Groundball, 56, EV 98.1 MPH)
 |  
		| Batting: RHB Mohammed bin Ubaida | 0-0: Swinging Strike 0-1: Swinging Strike
 0-2: Foul Ball, location: 2F
 0-2: Strikes out looking
 |  
		| Batting: RHB Tristan Smeets | 0-0: Called Strike 0-1: Swinging Strike
 0-2: Foul Ball, location: 2F
 0-2: Strikes out swinging
 |  
		| Top of the 2nd over - 3 runs, 2 hits, 0 errors, 1 left on base; Milwaukee (NYP) 3 - Auburn 0 |  
	| BOTTOM OF THE 2ND | 
|---|
 
		| Auburn Doubledays batting - Pitching for Milwaukee (NYP) Brewers : RHP Jayden Whittick |  
		| Batting: RHB Colin Morris | 0-0: Called Strike 0-1: Swinging Strike
 0-2: Strikes out swinging
 |  
		| Batting: RHB Ken Yeadon | 0-0: Called Strike 0-1:  Fly out, F8  (Flyball, 8LM, EV 85.0 MPH)
 |  
		| Batting: RHB Billy Williamson | 0-0: Foul Ball, location: 2F 0-1: Foul Ball, location: 2F
 0-2: Foul Ball, location: 2F
 0-2: Foul Ball, location: 2F
 0-2: Ball
 1-2: Foul Ball, location: 2F
 1-2: Foul Ball, location: 2F
 1-2: Strikes out swinging
 |  
		| Bottom of the 2nd over - 0 runs, 0 hits, 0 errors, 0 left on base; Milwaukee (NYP) 3 - Auburn 0 |  
	| TOP OF THE 3RD | 
|---|
 
		| Milwaukee (NYP) Brewers batting - Pitching for Auburn Doubledays : RHP Michael Bastian |  
		| Batting: LHB Dusty Bryant | 0-0: Ball 1-0: Ball
 2-0: Ball
 3-0: Base on Balls
 |  
		| Batting: RHB Ryan Miller | 0-0: Ball 1-0: Grounds into double play, 5-4-3 (Groundball, 56, EV 110.6 MPH)
 |  
		| Batting: RHB Alfredo Sena | 0-0: Swinging Strike 0-1: Ball
 1-1: Foul Ball, location: 2F
 1-2: Ball
 2-2: Ball
 3-2: Base on Balls
 |  
		| Batting: RHB Tony Beaumond | 0-0: Called Strike Alfredo Sena steals 2nd base
 0-1: Swinging Strike
 0-2: Ball
 Wild Pitch!
 Alfredo Sena to third
 1-2: Ball
 Passed Ball!
 Alfredo Sena scores
 2-2: Ground out 1-3 (Groundball, 15S, EV 66.9 MPH)
 |  
		| Top of the 3rd over - 1 run, 0 hits, 0 errors, 0 left on base; Milwaukee (NYP) 4 - Auburn 0 |  
	| BOTTOM OF THE 3RD | 
|---|
 
		| Auburn Doubledays batting - Pitching for Milwaukee (NYP) Brewers : RHP Jayden Whittick |  
		| Batting: RHB Alex Martinez | 0-0: Ball 1-0: Called Strike
 1-1: Ball
 2-1: Ball
 3-1: Base on Balls
 |  
		| Batting: RHB Chad Madsen | 0-0: Called Strike 0-1: Ball
 Alex Martinez steals 2nd base
 1-1: Ball
 2-1: Ball
 3-1: Ground out 4-3 (Groundball, P, EV 84.4 MPH)
 Alex Martinez to third
 |  
		| Batting: RHB Jorge Torres | 0-0: Ball 1-0: Foul Ball, location: 2F
 1-1: Swinging Strike
 1-2: Ball
 2-2: Ground out 4-3 (Groundball, 4D, EV 85.0 MPH)
 Alex Martinez scores
 |  
		| Batting: RHB Charlie Iacovone | 0-0: Foul Ball, location: 2F 0-1: TRIPLE  (Flyball, 9LD, EV 87.5 MPH)
 |  
		| Batting: RHB Yok-sing Szema | 0-0: Ball 1-0: Ball
 2-0: SINGLE  (Line Drive, 7LM, EV 103.1 MPH)
 Charlie Iacovone scores
 |  
		| Batting: RHB Rudolph Lentz | 0-0: Ball 1-0: Ball
 Yok-sing Szema steals 2nd base
 2-0: Ball
 3-0: Base on Balls
 |  
		| Batting: RHB Colin Morris | 0-0: Called Strike 0-1: Ball
 1-1: Ground out 6-3 (Groundball, 6MS, EV 86.9 MPH)
 |  
		| Bottom of the 3rd over - 2 runs, 2 hits, 0 errors, 2 left on base; Milwaukee (NYP) 4 - Auburn 2 |  
	| TOP OF THE 4TH | 
|---|
 
		| Milwaukee (NYP) Brewers batting - Pitching for Auburn Doubledays : RHP Michael Bastian |  
		| Batting: LHB Steven Donovan | 0-0: Swinging Strike 0-1: Swinging Strike
 0-2:  Fly out, F7  (Line Drive, 7D, EV 98.1 MPH)
 |  
		| Batting: RHB Lorenzo Diaz | 0-0: Ball 1-0: Ball
 2-0: Ball
 3-0: Called Strike
 3-1: Foul Ball, location: 2F
 3-2: Foul Ball, location: 2F
 3-2: Strikes out swinging
 |  
		| Batting: RHB Michael Dickerson | 0-0: Ball 1-0: Ground out 5-3 (Groundball, 56, EV 88.1 MPH)
 |  
		| Top of the 4th over - 0 runs, 0 hits, 0 errors, 0 left on base; Milwaukee (NYP) 4 - Auburn 2 |  
	| BOTTOM OF THE 4TH | 
|---|
 
		| Auburn Doubledays batting - Pitching for Milwaukee (NYP) Brewers : RHP Jayden Whittick |  
		| Batting: RHB Ken Yeadon | 0-0:  Fly out, F7  (Flyball, 7LM, EV 83.1 MPH) |  
		| Batting: RHB Billy Williamson | 0-0: Swinging Strike 0-1: Ball
 1-1: Swinging Strike
 1-2:  Fly out, F5  (Popup, 25F, EV 85.0 MPH)
 |  
		| Batting: RHB Alex Martinez | 0-0: Ball 1-0: Ground out 5-3 (Groundball, 56S, EV 85.6 MPH)
 |  
		| Bottom of the 4th over - 0 runs, 0 hits, 0 errors, 0 left on base; Milwaukee (NYP) 4 - Auburn 2 |  
	| TOP OF THE 5TH | 
|---|
 
		| Milwaukee (NYP) Brewers batting - Pitching for Auburn Doubledays : RHP Michael Bastian |  
		| Batting: RHB Mohammed bin Ubaida | 0-0: Foul Ball, location: 2F 0-1: Foul Ball, location: 2F
 0-2: Ball
 1-2: Ball
 2-2: Foul Ball, location: 2F
 2-2: Foul Ball, location: 2F
 2-2: Ball
 3-2: Foul Ball, location: 2F
 3-2: Ground out 6-3 (Groundball, 6, EV 86.2 MPH)
 |  
		| Batting: RHB Tristan Smeets | 0-0: Foul Ball, location: 2F 0-1: Swinging Strike
 0-2: Strikes out looking
 |  
		| Batting: LHB Dusty Bryant | 0-0: Ball 1-0: Called Strike
 1-1: Foul Ball, location: 2F
 1-2: Ball
 2-2: Ball
 3-2: Ground out 6-3 (Groundball, 4M, EV 93.1 MPH)
 |  
		| Top of the 5th over - 0 runs, 0 hits, 0 errors, 0 left on base; Milwaukee (NYP) 4 - Auburn 2 |  
	| BOTTOM OF THE 5TH | 
|---|
 
		| Auburn Doubledays batting - Pitching for Milwaukee (NYP) Brewers : RHP Jayden Whittick |  
		| Batting: RHB Chad Madsen | 0-0: Ball 1-0: Ball
 2-0:  Fly out, F9  (Flyball, 89S, EV 90.0 MPH)
 |  
		| Batting: RHB Jorge Torres | 0-0: Ball 1-0:  Fly out, F7  (Flyball, 7, EV 83.8 MPH)
 |  
		| Batting: RHB Charlie Iacovone | 0-0: Ball 1-0: Called Strike
 1-1: Foul Ball, location: 2F
 1-2: Foul Ball, location: 2F
 1-2: DOUBLE  (Line Drive, 8RXD, EV 103.1 MPH)
 |  
		| Batting: RHB Yok-sing Szema | 0-0: Ball 1-0: Foul Ball, location: 2F
 1-1: Ground out 5-3 (Groundball, 56S, EV 81.9 MPH)
 |  
		| Bottom of the 5th over - 0 runs, 1 hit, 0 errors, 1 left on base; Milwaukee (NYP) 4 - Auburn 2 |  
	| TOP OF THE 6TH | 
|---|
 
		| Milwaukee (NYP) Brewers batting - Pitching for Auburn Doubledays : RHP Michael Bastian |  
		| Pitching: LHP Willie Rivera |  |  
		| Batting: RHB Ryan Miller | 0-0: Ball 1-0: Called Strike
 1-1: Called Strike
 1-2: Reached on error, E5 (Groundball, 56S, EV 80.6 MPH)
 |  
		| Batting: RHB Alfredo Sena | 0-0: Swinging Strike 0-1: Ball
 1-1: Foul Ball, location: 2F
 1-2: Ball
 2-2: Ball
 3-2: Foul Ball, location: 2F
 3-2: Strikes out swinging
 |  
		| Batting: RHB Tony Beaumond | 0-0: Ball 1-0: Ball
 2-0: Ball
 3-0: Called Strike
 3-1: Base on Balls
 |  
		| Batting: LHB Steven Donovan | 0-0: Ground out 5-3 (Groundball, 56S, EV 68.1 MPH) Ryan Miller to third
 Tony Beaumond to second
 |  
		| Batting: RHB Lorenzo Diaz | 0-0: Ball 1-0: Swinging Strike
 1-1: Foul Ball, location: 2F
 1-2:  Fly out, F8  (Flyball, 8LS, EV 93.1 MPH)
 |  
		| Top of the 6th over - 0 runs, 0 hits, 1 error, 2 left on base; Milwaukee (NYP) 4 - Auburn 2 |  
	| BOTTOM OF THE 6TH | 
|---|
 
		| Auburn Doubledays batting - Pitching for Milwaukee (NYP) Brewers : RHP Jayden Whittick |  
		| Pitching: RHP Tom Wendel |  |  
		| Batting: RHB Rudolph Lentz | 0-0: Foul Ball, location: 2F 0-1: Ball
 1-1: Ball
 2-1:  Fly out, F5  (Line Drive, 5L, EV 66.9 MPH)
 |  
		| Batting: RHB Colin Morris | 0-0: Ball 1-0: Called Strike
 1-1: Ball
 2-1: Called Strike
 2-2: Strikes out swinging
 |  
		| Batting: RHB Ken Yeadon | 0-0: Called Strike 0-1: SINGLE  (Groundball, 34D, EV 100.6 MPH)
 |  
		| Batting: RHB Billy Williamson | 0-0: Called Strike 0-1: Foul Ball, location: 2F
 0-2: Ball
 1-2: Strikes out swinging
 |  
		| Bottom of the 6th over - 0 runs, 1 hit, 0 errors, 1 left on base; Milwaukee (NYP) 4 - Auburn 2 |  
	| TOP OF THE 7TH | 
|---|
 
		| Milwaukee (NYP) Brewers batting - Pitching for Auburn Doubledays : LHP Willie Rivera |  
		| Batting: RHB Michael Dickerson | 0-0: Ball 1-0: Ground out 5-3 (Groundball, 56, EV 100.0 MPH)
 |  
		| Batting: RHB Mohammed bin Ubaida | 0-0: Reached on error, E6 (Groundball, 6, EV 86.9 MPH) |  
		| Batting: RHB Tristan Smeets | 0-0: Foul Ball, location: 2F 0-1: Ball
 1-1: Ball
 Wild Pitch!
 Mohammed bin Ubaida to second
 2-1: Foul Ball, location: 2F
 2-2: Foul Ball, location: 2F
 2-2: Strikes out swinging
 |  
		| Batting: LHB Dusty Bryant | 0-0: Called Strike 0-1: Called Strike
 Mohammed bin Ubaida steals 3rd base (no throw)
 0-2: Ball
 1-2: Strikes out looking
 |  
		| Top of the 7th over - 0 runs, 0 hits, 1 error, 1 left on base; Milwaukee (NYP) 4 - Auburn 2 |  
	| BOTTOM OF THE 7TH | 
|---|
 
		| Auburn Doubledays batting - Pitching for Milwaukee (NYP) Brewers : RHP Tom Wendel |  
		| Batting: RHB Alex Martinez | 0-0:  Fly out, F8  (Line Drive, 8LM, EV 88.8 MPH) |  
		| Batting: RHB Chad Madsen | 0-0: Ball 1-0: Ground out 5-3 (Groundball, 56S, EV 73.8 MPH)
 |  
		| Batting: RHB Jorge Torres | 0-0: Called Strike 0-1: Ball
 1-1: Ball
 2-1: Called Strike
 2-2: Strikes out looking
 |  
		| Bottom of the 7th over - 0 runs, 0 hits, 0 errors, 0 left on base; Milwaukee (NYP) 4 - Auburn 2 |  
	| TOP OF THE 8TH | 
|---|
 
		| Milwaukee (NYP) Brewers batting - Pitching for Auburn Doubledays : LHP Willie Rivera |  
		| Batting: RHB Ryan Miller | 0-0: Called Strike 0-1: Foul Ball, location: 2F
 0-2: Ball
 1-2: Ball
 2-2: Strikes out swinging
 |  
		| Batting: RHB Alfredo Sena | 0-0: Foul Ball, location: 2F 0-1: Swinging Strike
 0-2:  Fly out, F8  (Flyball, 8RM, EV 88.1 MPH)
 |  
		| Batting: RHB Tony Beaumond | 0-0:  Fly out, F8  (Flyball, 89D, EV 83.1 MPH) |  
		| Top of the 8th over - 0 runs, 0 hits, 0 errors, 0 left on base; Milwaukee (NYP) 4 - Auburn 2 |  
	| BOTTOM OF THE 8TH | 
|---|
 
		| Auburn Doubledays batting - Pitching for Milwaukee (NYP) Brewers : RHP Tom Wendel |  
		| Batting: RHB Charlie Iacovone | 0-0: Called Strike 0-1: Foul Ball, location: 2F
 0-2: Strikes out swinging
 |  
		| Batting: RHB Yok-sing Szema | 0-0: Ball 1-0: Ball
 2-0: Called Strike
 2-1: Foul Ball, location: 2F
 2-2: Foul Ball, location: 2F
 2-2: Strikes out looking
 |  
		| Batting: RHB Rudolph Lentz | 0-0: Called Strike 0-1: Ground out 6-3 (Groundball, 6S, EV 89.4 MPH)
 |  
		| Bottom of the 8th over - 0 runs, 0 hits, 0 errors, 0 left on base; Milwaukee (NYP) 4 - Auburn 2 |  
	| TOP OF THE 9TH | 
|---|
 
		| Milwaukee (NYP) Brewers batting - Pitching for Auburn Doubledays : LHP Willie Rivera |  
		| Pitching: RHP Johnny Hallamore |  |  
		| Batting: LHB Steven Donovan | 0-0: Ball 1-0:  Fly out, F5  (Popup, 5, EV 82.5 MPH)
 |  
		| Batting: RHB Lorenzo Diaz | 0-0: Ball 1-0: Ball
 2-0: SINGLE  (Groundball, 4M, EV 83.8 MPH) (infield hit)
 |  
		| Batting: RHB Michael Dickerson | 0-0: Called Strike 0-1: Called Strike
 0-2: Strikes out swinging
 |  
		| Batting: RHB Mohammed bin Ubaida | 0-0: Ball Lorenzo Diaz steals 2nd base
 1-0: Ball
 2-0: Ball
 3-0: Called Strike
 3-1: Base on Balls
 |  
		| Batting: RHB Tristan Smeets | 0-0: Called Strike 0-1: SINGLE  (Groundball, 4MD, EV 106.9 MPH)
 Lorenzo Diaz to third
 Mohammed bin Ubaida to second
 Runner from 3rd tries for Home, SAFE, throw by CF to home
 |  
		| Batting: LHB Dusty Bryant | 0-0: Called Strike 0-1: SINGLE  (Groundball, 4MD, EV 100.0 MPH)
 Mohammed bin Ubaida to third
 Tristan Smeets to second
 Runner from 3rd tries for Home, throw by CF and OUT! 8-2
 |  
		| Top of the 9th over - 1 run, 3 hits, 0 errors, 2 left on base; Milwaukee (NYP) 5 - Auburn 2 |  
	| BOTTOM OF THE 9TH | 
|---|
 
		| Auburn Doubledays batting - Pitching for Milwaukee (NYP) Brewers : RHP Tom Wendel |  
		| Pitching: RHP Alejandro Souto |  |  
		| Batting: RHB Colin Morris | 0-0: Called Strike 0-1: Swinging Strike
 0-2: Strikes out swinging
 |  
		| Batting: RHB Ken Yeadon | 0-0: Ball 1-0: Ball
 2-0: Ball
 3-0: Called Strike
 3-1: Base on Balls
 |  
		| Pinch Hitting: RHB Hun-hyeon Kym | 0-0: Ball 1-0: Called Strike
 1-1: Foul Ball, location: 2F
 1-2: Grounds into double play, 6-4-3 (Groundball, 6, EV 103.8 MPH)
 |  
		| Bottom of the 9th over - 0 runs, 0 hits, 0 errors, 0 left on base; Milwaukee (NYP) 5 - Auburn 2 |  |